Cogmind - Beta 12 X4 @@@ ROGUE MODE // 2022.12.12 @ 21:15:28 Player: Lunatic Blue Result: Destroyed by P-70 Sage with Tesla Rifle Performance ------------- Evolutions (5) 2500 Regions Visited (17) 3400 Robots Destroyed (129) 645 Value Destroyed (4248) 4248 Prototype IDs (42) 840 Alien Tech Used (0) 0 Bonus (1669) 1669 TOTAL SCORE: 13302 Bonus ------- High Alert Combat Kills 61 Follower Combat Kills 808 Network Hubs Disabled 200 Aligned with FarCom 300 Met Data Miner 300 Cogmind --------- Core Integrity 0/1000 Matter 300/300 Energy 100/100 System Corruption 9% Temperature Cool (0) Movement Core (50) Location -5/Factory Parts ------- > --- POWER (2) -------- (None) > --- PROPULSION (6) --- (None) > --- UTILITY (7) ------ Improved Terrain Scan Processor Improved Hacking Suite Improved System Shield > --- WEAPON (2) ------- (None) > --- INVENTORY (5) ---- Carbon-fiber Leg Enhanced Optical Array Improved Sensor Array Transmission Jammer Peak State ------------ > --- POWER ------------ Light Angular Momentum Engine Light Angular Momentum Engine > --- PROPULSION ------- Gravmag System Gravmag System Gravmag System Gravmag System Gravmag System Gravmag System > --- UTILITY ---------- Large Storage Unit Improved Signal Interpreter Improved Hacking Suite Improved System Shield Improved System Shield > --- WEAPON ----------- KE Penetrator Makeshift Spear > --- INVENTORY -------- Light Angular Momentum Engine Neutrino Core Gravmag System Advanced Heat Sink Enhanced Optical Array Improved Sensor Array Improved Terrain Scan Processor Improved Hacking Suite Improved Hacking Suite Improved System Shield Improved System Shield KE Penetrator KE Penetrator Heavy Rocket Launcher [Rating: 69] Favorites ----------- Power Light Angular Momentum Engine Engine Light Angular Momentum Engine Power Core Micro Nuclear Core Propulsion Aluminum Leg Treads Light Treads Leg Aluminum Leg Wheel Compact Wheel Hover Unit Gravmag System Flight Unit Improved VTOL Module Utility Large Storage Unit Device Improved Heat Sink Storage Large Storage Unit Processor Machine Analyzer Hackware Improved System Shield Protection Medium Armor Plating Weapon Beam Rifle Energy Gun Beam Rifle Energy Cannon Guided Plasma Cannon Ballistic Gun Improved Assault Rifle Ballistic Cannon Advanced Assault Cannon Launcher Rocket Launcher Special Weapon Remote Datajack Slashing Weapon Katana Piercing Weapon Makeshift Spear Build | -11 -10 -9 -9 -9 -8 -8 -7 -7 -7 -7 -6 -6 -6 -6 -6 -6 -5 ------- Run | Scr Mat Mat Min Exi Min Mat Fac Low Low Dat Pro Fac Ext Cet Arc Hub Fac Slots Evolved 10 | . . 2 . . . 2 2 . . . . 2 . . . . 2 Power 1 | . . . . . . . . . . . . 1 . . . . . Propulsion 4 | . . 1 . . . 2 . . . . . 1 . . . . . Utility 5 | . . 1 . . . . 2 . . . . . . . . . 2 Weapon . | . . . . . . . . . . . . . . . . . . Parts Attached 163 | 6 5 24 6 . . 33 27 . 1 . 1 5 9 . 20 1 25 Power 22 | 1 . 4 1 . . 1 3 . . . . 3 2 . 2 . 5 Engine 16 | 1 . 3 1 . . 1 1 . . . . . 2 . 2 . 5 Core 6 | . . 1 . . . . 2 . . . . 3 . . . . . Reactor . | . . . . . . . . . . . . . . . . . . Propulsion 60 | 2 1 11 1 . . 12 12 . . . . 1 2 . 9 . 9 Treads 8 | . . . . . . 6 . . . . . . . . . . 2 Leg 23 | 2 1 9 1 . . 5 . . . . . . . . . . 5 Wheel 3 | . . 2 . . . 1 . . . . . . . . . . . Hover 10 | . . . . . . . . . . . . . . . 8 . 2 Flight 16 | . . . . . . . 12 . . . . 1 2 . 1 . . Utility 41 | 1 2 4 4 . . 8 8 . . . . 1 3 . 3 1 6 Device 14 | . 1 2 2 . . 6 1 . . . . . . . . . 2 Storage 5 | 1 1 . . . . . 1 . . . . . . . 1 . 1 Processor 8 | . . 1 . . . . 3 . . . . 1 2 . . . 1 Hackware 9 | . . . . . . . 3 . . . . . 1 . 2 1 2 Protection 5 | . . 1 2 . . 2 . . . . . . . . . . . Artifact . | . . . . . . . . . . . . . . . . . . Weapon 40 | 2 2 5 . . . 12 4 . 1 . 1 . 2 . 6 . 5 Energy Gun 8 | 1 . 2 . . . 4 1 . . . . . . . . . . Energy Cannon 1 | . . . . . . 1 . . . . . . . . . . . Ballistic Gun 18 | 1 2 3 . . . 4 2 . . . . . . . 4 . 2 Ballistic Cannon 1 | . . . . . . . . . . . . . . . . . 1 Launcher 3 | . . . . . . 2 . . . . . . . . . . 1 Special Weapon 1 | . . . . . . . . . . . 1 . . . . . . Impact Weapon . | . . . . . . . . . . . . . . . . . . Slashing Weapon 2 | . . . . . . 1 1 . . . . . . . . . . Piercing Weapon 6 | . . . . . . . . . 1 . . . 2 . 2 . 1 Special Melee Weapon . | . . . . . . . . . . . . . . . . . . Unidentified Prototypes 6 | . . 1 . . . . 4 . . . . . 1 . . . . Parts Lost 77 | . . 7 1 . . 22 4 . . . . . 4 1 8 6 24 Power 12 | . . 2 . . . 1 . . . . . . 1 1 1 2 4 Propulsion 38 | . . 4 . . . 12 1 . . . . . 2 . 6 4 9 Utility 13 | . . 1 1 . . 3 2 . . . . . 1 . . . 5 Weapon 14 | . . . . . . 6 1 . . . . . . . 1 . 6 Highest Loss Streak 9 | . . 3 1 . . 7 3 . . . . . 1 1 5 6 9 To Critical Strikes . | . . . . . . . . . . . . . . . . . . Average Slot Usage (%) 89 | . 98 98 100 100 100 80 95 92 92 92 92 93 92 90 81 97 57 Engine 8 | . 14 10 11 11 11 8 1 7 7 7 7 . 3 6 6 13 4 Core 1 | . . . . . . . 5 . . . . 13 8 4 . . . Treads 2 | . . . . . . 11 . . . . . . . . . . 3 Leg 15 | . 28 28 33 33 33 14 . . . . . . . . . . 3 Hover 1 | . . . . . . . . . . . . . . . 18 37 2 Flight 10 | . . . . . . . 36 38 38 38 38 40 39 40 11 . . Device 8 | . 12 12 11 11 11 14 6 . . . . . . . . . 1 Storage 8 | . 14 11 11 11 11 9 7 7 7 7 7 6 6 6 6 6 4 Processor 5 | . . 5 . . . . 14 15 15 15 15 13 13 13 13 6 9 Hackware 5 | . . . . . . . 7 15 15 15 15 13 12 13 13 20 19 Protection 3 | . . 3 11 11 11 3 . . . . . . . . . . . Energy Gun 6 | . 14 11 11 11 11 11 . . . . . . . . . . . Ballistic Gun 6 | . 13 11 11 11 11 5 4 . . . . . . . 5 6 4 Piercing Weapon 1 | . . . . . . . . . 7 7 7 6 6 6 5 6 2 Naked Turns . | . . . . . . . . . . . . . . . . . . Heaviest Build 45 | 12 29 37 43 43 43 45 23 22 22 22 22 23 31 31 45 45 43 Greatest Support 65 | 20 20 33 30 30 30 60 25 24 24 24 24 30 33 31 54 54 65 Greatest Overweight (x) 11 | 1 1 2 1 1 1 11 1 . . . . . 1 . 3 2 3 Average Overweight (x) . | . . . 1 1 1 1 . . . . . . . . . . 1 Largest Inventory Capacity 15 | 8 15 15 15 15 15 15 15 10 10 10 10 10 10 10 15 15 15 Average Capacity 13 | 7 12 15 15 15 15 15 10 10 10 10 10 10 10 10 11 15 13 Most Carried 15 | 3 14 15 15 15 15 15 15 10 10 10 10 10 10 10 15 15 15 Average Carried 12 | 1 9 14 14 15 15 14 9 8 10 10 10 9 9 10 10 14 9 Final Capacity 15 | 8 15 15 15 15 15 15 10 10 10 10 10 10 10 10 15 15 5 Final Carried 15 | 3 14 15 15 15 15 15 8 10 10 10 10 10 10 10 15 15 4 Class Distribution -------------------- 51% | Scavenger-Mutant 14% | Mutant 6% | Hacker-Sprinter 5% | Commander-Scout 5% | Hacker-Mutant 5% | Scavenger-Scout Dominant Class ---------------- Mutant | -10/Materials Mutant | -9/Materials Scavenger-Mutant | -9/Mines Scavenger-Mutant | -9/Exiles Scavenger-Mutant | -8/Mines Scavenger-Mutant | -8/Materials Scavenger-Scout | -7/Factory Hacker-Sprinter | -7/Lower Caves Hacker-Sprinter | -7/Lower Caves Hacker-Sprinter | -7/Data Miner Hacker-Sprinter | -6/Proximity Caves Hacker-Sprinter | -6/Factory Commander-Scout | -6/Extension Hacker-Sprinter | -6/Cetus Scavenger-Mutant | -6/Archives Scavenger-Mutant | -6/Hub_04(d) Hacker-Mutant | -5/Factory Resources | -11 -10 -9 -9 -9 -8 -8 -7 -7 -7 -7 -6 -6 -6 -6 -6 -6 -5 ----------- Run | Scr Mat Mat Min Exi Min Mat Fac Low Low Dat Pro Fac Ext Cet Arc Hub Fac Matter Collected 2424 | 220 90 423 147 . . 540 130 148 10 . 10 23 112 . 253 . 318 Remotely . | . . . . . . . . . . . . . . . . . . Salvage Created 5664 | . 266 764 419 . . 1612 130 91 49 . 164 55 1088 . 630 . 396 Parts 306 | . 13 44 37 . . 81 9 6 3 . 2 4 42 . 43 . 22 Haulers Intercepted 6 | . 1 1 . . . 1 . . . . . . 3 . . . . Recyclers Shooed 4 | . 2 . . . . 2 . . . . . . . . . . . Parts Field Recycled . | . . . . . . . . . . . . . . . . . . Retrieved Matter . | . . . . . . . . . . . . . . . . . . Parts Self-Destructed 3 | . . . . . . . . . 3 . . . . . . . . Prevented . | . . . . . . . . . . . . . . . . . . Kills | -11 -10 -9 -9 -9 -8 -8 -7 -7 -7 -7 -6 -6 -6 -6 -6 -6 -5 ------- Run | Scr Mat Mat Min Exi Min Mat Fac Low Low Dat Pro Fac Ext Cet Arc Hub Fac Combat Hostiles Destroyed 93 | . 9 14 11 . . 32 5 1 1 . 1 . 7 . 4 . 8 Melee 17 | . . . . . . 1 4 1 1 . 1 . 7 . 2 . . Guns 66 | . 9 14 11 . . 22 1 . . . . . . . 2 . 7 AOE 8 | . . . . . . 7 . . . . . . . . . . 1 Classes Destroyed 16 | . 3 3 3 . . 4 . 1 . . 1 . 1 . . . . Worker 4 | . . . 2 . . 1 . . . . . 1 . . . . . Builder 2 | . . . . . . . . . . . . . 1 . . . 1 Tunneler 2 | . . . 1 . . . . . . . . . . . . . 1 Hauler 6 | . 1 1 . . . 1 . . . . . . 3 . . . . Recycler 7 | . . . 1 . . 4 . . . . . . 2 . . . . Mechanic 1 | . . 1 . . . . . . . . . . . . . . . Operator 10 | . . . . . . 1 . . . . . . . . 9 . . Watcher 4 | . . . . . . 3 . . . . . 1 . . . . . Swarmer 23 | . 6 . 6 . . 7 4 . . . . . . . . . . Grunt 42 | . 3 10 4 . . 16 . . . . . . 3 . . . 6 Brawler 2 | . . 1 1 . . . . . . . . . . . . . . Duelist 1 | . . . . . . 1 . . . . . . . . . . . Sentry 18 | . . 3 . . . 7 . . . . . . 4 . 4 . . Hunter 4 | . . . . . . 1 1 1 1 . . . . . . . . Programmer 3 | . . . . . . . . . . . 1 . . . . . 2 Samaritan 1 | . . . . . . . . 1 . . . . . . . . . Best Kill Streak 15 | . 3 5 4 . . 15 4 1 1 . 1 1 2 . 3 . 4 Combat Bots Only 12 | . 3 4 4 . . 12 4 1 1 . 1 . 2 . 2 . 4 Max Kills in Single Turn 3 | . 1 1 2 . . 3 1 1 1 . 1 1 1 . 1 . 2 Gunslinging 1 | . . . 1 . . . . . . . . . . . . . . Exploded 3 | . . . . . . 3 . . . . . . . . . . 1 Melee 1 | . . . . . . 1 1 1 1 . 1 . 1 . 1 . . Uniques/NPCs Destroyed . | . . . . . . . . . . . . . . . . . . Combat | -11 -10 -9 -9 -9 -8 -8 -7 -7 -7 -7 -6 -6 -6 -6 -6 -6 -5 -------- Run | Scr Mat Mat Min Exi Min Mat Fac Low Low Dat Pro Fac Ext Cet Arc Hub Fac Damage Taken 9883 | . 234 1017 345 . . 2681 461 19 44 . . . 515 115 972 453 3027 Core 2595 | . 45 215 47 . . 501 62 19 30 . . . 190 24 358 97 1007 Absorbed by Shields 97 | . . . . . . . . . . . . . 97 . . . . Core Remaining (%) 54 | 100 82 . . . 34 8 . . . . 84 . . . . 21 . Volleys Fired 283 | . 36 66 25 . . 108 4 . . . . . . . 10 . 34 Largest 2 | . 2 2 2 . . 2 1 . . . . . . . 2 . 2 Hottest 130 | . 60 79 79 . . 130 28 . . . . . . . 66 . 66 Shots Fired 497 | . 72 127 50 . . 188 4 . . . . . . . 17 . 39 Gun 481 | . 72 127 50 . . 180 4 . . . . . . . 17 . 31 Cannon 7 | . . . . . . 1 . . . . . . . . . . 6 Launcher 9 | . . . . . . 7 . . . . . . . . . . 2 Special . | . . . . . . . . . . . . . . . . . . Kinetic 255 | . 36 66 25 . . 70 4 . . . . . . . 17 . 37 Thermal 233 | . 36 61 25 . . 111 . . . . . . . . . . . Explosive 9 | . . . . . . 7 . . . . . . . . . . 2 Electromagnetic . | . . . . . . . . . . . . . . . . . . Robot Hit Streak 16 | . 16 14 7 . . 15 3 . . . . . . . 8 . 10 Robot Miss Streak 4 | . 3 3 4 . . 2 4 . . . . . . . 1 . 3 Penetration Max 1 | . . . . . . . . . . . . . . . . . 1 Secondary Targets 10 | . . 5 1 . . 2 . . . . . . . . . . 2 Max Gunslinging Chain 1 | . . 1 1 . . 1 . . . . . . . . . . 1 Shots Hit Robots 462 | . 48 90 29 . . 144 11 3 3 . 4 4 46 . 52 . 28 Core Hits 219 | . 16 33 18 . . 77 8 2 2 . 2 1 20 . 20 1 19 Critical Kills 2 | . . . . . . . . . . . . . . . . . 2 Critical Parts Destroyed 1 | . . . . . . . . . . . . . . . . . 1 Critical Strikes 24 | . . . 1 . . 8 . . 1 . . . 5 . 6 . 3 Burn 7 | . . . 1 . . 6 . . . . . . . . . . . Destroy 3 | . . . . . . . . . . . . . . . . . 3 Sever 2 | . . . . . . 2 . . . . . . . . . . . Impale 12 | . . . . . . . . . 1 . . . 5 . 6 . . Melee Attacks 179 | . . . . . . 8 37 3 4 . 4 8 58 . 47 9 1 Impact . | . . . . . . . . . . . . . . . . . . Slashing 48 | . . . . . . 8 37 3 . . . . . . . . . Piercing 131 | . . . . . . . . . 4 . 4 8 58 . 47 9 1 Sneak Attacks 24 | . . . . . . . . 2 1 . 1 1 8 . 10 . 1 Combat Hostiles 2 | . . . . . . . . . . . 1 . 1 . . . . Follow-up Attacks . | . . . . . . . . . . . . . . . . . . Damage Inflicted 11214 | . 473 1158 447 . . 3145 270 180 113 . 279 224 1867 . 1805 3 1250 Guns 5116 | . 471 1158 447 . . 2024 50 . . . . . . . 322 . 644 Cannons 252 | . . . . . . 36 . . . . . . . . . . 216 Explosions 1239 | . . . . . . 901 . . . . . . . . . . 338 Melee 4602 | . . . . . . 184 220 180 113 . 279 224 1867 . 1483 . 52 Ramming 5 | . 2 . . . . . . . . . . . . . . 3 . Kinetic 3040 | . 186 668 229 . . 725 50 . . . . . . . 322 . 860 Thermal 2328 | . 285 490 218 . . 1335 . . . . . . . . . . . Explosive 1239 | . . . . . . 901 . . . . . . . . . . 338 Electromagnetic . | . . . . . . . . . . . . . . . . . . Impact . | . . . . . . . . . . . . . . . . . . Slashing 584 | . . . . . . 184 220 180 . . . . . . . . . Piercing 4018 | . . . . . . . . . 113 . 279 224 1867 . 1483 . 52 Highest Corruption 9 | . . . . . . 1 . . . . . . . . . 1 9 Average Corruption 2 | . . . . . . 1 . . . . . . . . . 1 5 Corruption Purged . | . . . . . . . . . . . . . . . . . . Corruption Blocked . | . . . . . . . . . . . . . . . . . . Effects 19 | . . . . . . 8 . . . . . . . . . . 11 Message Errors 4 | . . . . . . . . . . . . . . . . . 4 Matter Fused 3 | . . . . . . 3 . . . . . . . . . . . Heat Flow Errors 4 | . . . . . . 1 . . . . . . . . . . 3 Energy Discharges 3 | . . . . . . 1 . . . . . . . . . . 2 Data Loss (minor) 4 | . . . . . . 2 . . . . . . . . . . 2 Misfires 1 | . . . . . . 1 . . . . . . . . . . . Overload Shots . | . . . . . . . . . . . . . . . . . . Overflow Damage 722 | . . . . . . 11 . . 18 . 86 53 145 . 400 . 9 Projectiles . | . . . . . . . . . . . . . . . . . . Explosions 20 | . . . . . . 11 . . . . . . . . . . 9 Melee 702 | . . . . . . . . . 18 . 86 53 145 . 400 . . Knockbacks 1 | . . . . . . . . . . . . . . . . . 1 Impact . | . . . . . . . . . . . . . . . . . . Kinetic 1 | . . . . . . . . . . . . . . . . . 1 Secondary . | . . . . . . . . . . . . . . . . . . Self-Inflicted Damage 15 | . . . . . . 14 . . . . . . . . . 1 . Shots 2 | . . . . . . 2 . . . . . . . . . . . Rammed 1 | . . . . . . . . . . . . . . . . 1 . Targets Rammed 3 | . 2 . . . . . . . . . . . . . . 1 . Kicked 2 | . 2 . . . . . . . . . . . . . . . . Crushed . | . . . . . . . . . . . . . . . . . . Highest Temperature 324 | . 60 86 30 . . 160 26 10 4 4 4 171 324 240 7 15 243 Average Temperature 43 | . 26 21 11 . . 27 10 3 2 2 2 102 63 121 1 2 85 Received Heat Transfer 3217 | . 66 537 126 . . 1359 24 9 . . . . 175 18 216 63 624 Siege Activations . | . . . . . . . . . . . . . . . . . . Robots Corrupted . | . . . . . . . . . . . . . . . . . . Combat Hostiles . | . . . . . . . . . . . . . . . . . . Parts Fried . | . . . . . . . . . . . . . . . . . . Impact Corruptions . | . . . . . . . . . . . . . . . . . . Robots Melted 2 | . . . . . . 2 . . . . . . . . . . . Combat Hostiles 2 | . . . . . . 2 . . . . . . . . . . . Parts Melted 16 | . 3 . . . . 12 . . . . . . . . . . 1 Heat Transferred 6171 | . 650 1149 629 . . 3743 . . . . . . . . . . . Parts Sabotaged . | . . . . . . . . . . . . . . . . . . Parts Stolen . | . . . . . . . . . . . . . . . . . . Parts Stripped . | . . . . . . . . . . . . . . . . . . Power Chain Reactions . | . . . . . . . . . . . . . . . . . . Missiles Intercepted . | . . . . . . . . . . . . . . . . . . Alert | -11 -10 -9 -9 -9 -8 -8 -7 -7 -7 -7 -6 -6 -6 -6 -6 -6 -5 ------- Run | Scr Mat Mat Min Exi Min Mat Fac Low Low Dat Pro Fac Ext Cet Arc Hub Fac Peak Influence 507 | . 302 319 169 . . 507 225 . . . . 51 485 280 213 150 141 Initial 265 | . . 49 84 . . . 22 . . . . 9 24 265 108 74 25 Average 139 | . 137 152 92 . . 192 113 . . . . 30 206 274 164 88 24 Maximum Alert Level 2 | . 1 1 . . . 2 1 . . . . . 2 1 1 . . Low Security (%) 77 | 100 77 81 100 . 100 61 94 . . . . 100 51 . 71 100 100 Level 1 18 | . 22 18 . . . 32 5 . . . . . 34 100 28 . . Level 2 3 | . . . . . . 5 . . . . . . 14 . . . . Level 3 . | . . . . . . . . . . . . . . . . . . Level 4 . | . . . . . . . . . . . . . . . . . . Level 5 . | . . . . . . . . . . . . . . . . . . High Security . | . . . . . . . . . . . . . . . . . . Max Security . | . . . . . . . . . . . . . . . . . . Squads Dispatched 20 | . 3 1 . . . 6 . . . . . . 2 . . 6 2 Investigation 12 | . 1 . . . . 4 . . . . . . 2 . . 5 . Extermination 1 | . . . . . . . . . . . . . . . . . 1 Reinforcement 7 | . 2 1 . . . 2 . . . . . . . . . 1 1 Assault . | . . . . . . . . . . . . . . . . . . Garrison . | . . . . . . . . . . . . . . . . . . Intercept . | . . . . . . . . . . . . . . . . . . Searches Triggered . | . . . . . . . . . . . . . . . . . . Data Miner Redirects 1 | . . . . . . . . . . . . . . . . 1 . Construction Impeded 1 | . . . . . . 1 . . . . . . . . . . . Haulers Reinforced . | . . . . . . . . . . . . . . . . . . Active Scanning Responses . | . . . . . . . . . . . . . . . . . . Cargo Convoy Interrupts . | . . . . . . . . . . . . . . . . . . Stealth | -11 -10 -9 -9 -9 -8 -8 -7 -7 -7 -7 -6 -6 -6 -6 -6 -6 -5 --------- Run | Scr Mat Mat Min Exi Min Mat Fac Low Low Dat Pro Fac Ext Cet Arc Hub Fac Distress Signals 17 | . 2 2 . . . 4 1 . . . . . 5 1 . 1 1 Communications Jammed . | . . . . . . . . . . . . . . . . . . Distress Signals . | . . . . . . . . . . . . . . . . . . Times Spotted 235 | . 19 20 14 . . 55 19 5 6 . 3 1 40 5 13 16 19 Peak Tracking Total 20 | . 4 5 4 . . 13 7 5 4 . 3 1 6 5 2 20 8 Tactical Retreats 13 | . 1 . . . . 4 2 . 1 . . . 1 . . 3 1 Traps | -11 -10 -9 -9 -9 -8 -8 -7 -7 -7 -7 -6 -6 -6 -6 -6 -6 -5 ------- Run | Scr Mat Mat Min Exi Min Mat Fac Low Low Dat Pro Fac Ext Cet Arc Hub Fac Traps Triggered 8 | . 1 . . . . 2 . . . . . . 4 . . . 1 Indirectly . | . . . . . . . . . . . . . . . . . . Trap Hack Attempts . | . . . . . . . . . . . . . . . . . . Triggered . | . . . . . . . . . . . . . . . . . . Disarmed . | . . . . . . . . . . . . . . . . . . Reprogrammed . | . . . . . . . . . . . . . . . . . . Reused . | . . . . . . . . . . . . . . . . . . Traps Extracted . | . . . . . . . . . . . . . . . . . . Installed . | . . . . . . . . . . . . . . . . . . Triggered 1 | . . . . . . . . 1 . . . . . . . . . Machines | -11 -10 -9 -9 -9 -8 -8 -7 -7 -7 -7 -6 -6 -6 -6 -6 -6 -5 ---------- Run | Scr Mat Mat Min Exi Min Mat Fac Low Low Dat Pro Fac Ext Cet Arc Hub Fac Machines Disabled 6 | . . 1 . . . . . . . . . . 2 . 1 1 1 Max in Single Turn 1 | . . 1 . . . . . . . . . . . . 1 1 1 Network Hub 1 | . . . . . . . . . . . . . . . . 1 . Machines Sabotaged 1 | . . . . . . . . . . . . . . . . 1 . Overloaded Fab Kills . | . . . . . . . . . . . . . . . . . . Hacking | -11 -10 -9 -9 -9 -8 -8 -7 -7 -7 -7 -6 -6 -6 -6 -6 -6 -5 --------- Run | Scr Mat Mat Min Exi Min Mat Fac Low Low Dat Pro Fac Ext Cet Arc Hub Fac Machines Accessed 45 | . 5 1 . 2 . 8 8 . 1 4 . 1 8 . . 6 1 Terminals 32 | . 3 1 . . . 6 6 . . . . 1 8 . . 6 1 Fabricators 1 | . . . . . . . 1 . . . . . . . . . . Repair Stations 1 | . . . . . . . 1 . . . . . . . . . . Recycling Units 4 | . 2 . . . . 2 . . . . . . . . . . . Scanalyzers . | . . . . . . . . . . . . . . . . . . Garrison Access . | . . . . . . . . . . . . . . . . . . Total Hacks 156 | . 14 3 . 2 . 20 23 . 1 26 . 4 25 . . 14 24 Successful 76 | . 2 2 . 2 . 6 9 . 1 26 . 2 10 . . 4 12 Failed 80 | . 12 1 . . . 14 14 . . . . 2 15 . . 10 12 Catastrophic 18 | . 1 1 . . . 3 3 . . . . . 4 . . 3 3 Database Lockouts . | . . . . . . . . . . . . . . . . . . Manual 90 | . 13 2 . 1 . 14 13 . . . . 1 14 . . 11 21 Terminals 114 | . 10 3 . . . 16 18 . . . . 4 25 . . 14 24 Fabricators 4 | . . . . . . . 4 . . . . . . . . . . Repair Stations 1 | . . . . . . . 1 . . . . . . . . . . Recycling Units 8 | . 4 . . . . 4 . . . . . . . . . . . Scanalyzers . | . . . . . . . . . . . . . . . . . . Garrison Access . | . . . . . . . . . . . . . . . . . . Terminal Hacks 63 | . 1 2 . 2 . 4 5 . 1 26 . 2 8 . . 1 11 Record 13 | . . . . 1 . . . . . 11 . . 1 . . . . Part Schematic 10 | . . . . . . . . . . 9 . . . . . . 1 Robot Schematic 3 | . . . . . . . . . . 3 . . . . . . . Robot Analysis 4 | . . . . . . . . . . . . 1 1 . . . 2 Prototype ID Bank 4 | . . . . . . . . . . 3 . . . . . . 1 Open Door 1 | . . . . . . . . . 1 . . . . . . . . Branch Access Points 6 | . . 1 . . . . 2 . . . . 1 1 . . . 1 Emergency Access Points 1 | . . . . . . . 1 . . . . . . . . . . Terminal Index 3 | . . . . . . . 1 . . . . . 1 . . . 1 Fabricator Index 1 | . . . . . . . . . . . . . . . . . 1 Alert Level 1 | . . 1 . . . . . . . . . . . . . . . Unreport Threat 7 | . . . . . . 2 . . . . . . 2 . . 1 2 Locate Traps 2 | . . . . . . . 1 . . . . . . . . . 1 Recall Investigation 1 | . 1 . . . . . . . . . . . . . . . . Zone Layout 5 | . . . . . . 2 . . . . . . 2 . . . 1 EX-Prototype ID Bank 1 | . . . . 1 . . . . . . . . . . . . . Fabricator Hacks 1 | . . . . . . . 1 . . . . . . . . . . Network Status 1 | . . . . . . . 1 . . . . . . . . . . Repair Station Hacks . | . . . . . . . . . . . . . . . . . . Recycling Unit Hacks . | . . . . . . . . . . . . . . . . . . Scanalyzer . | . . . . . . . . . . . . . . . . . . Garrison Access Hacks . | . . . . . . . . . . . . . . . . . . Unauthorized Hacks 12 | . 1 . . . . 2 3 . . . . . 2 . . 3 1 Terminals 8 | . . . . . . . 2 . . . . . 2 . . 3 1 Assimilate 2 | . . . . . . . 1 . . . . . 1 . . . . Operators 3 | . . . . . . . 1 . . . . . 1 . . . 1 Sabotage 3 | . . . . . . . . . . . . . . . . 3 . Fabricators 1 | . . . . . . . 1 . . . . . . . . . . Haulers 1 | . . . . . . . 1 . . . . . . . . . . Repair Stations . | . . . . . . . . . . . . . . . . . . Recycling Units 3 | . 1 . . . . 2 . . . . . . . . . . . Tunnel 3 | . 1 . . . . 2 . . . . . . . . . . . Scanalyzers . | . . . . . . . . . . . . . . . . . . Garrison Access . | . . . . . . . . . . . . . . . . . . Data Cores Recovered . | . . . . . . . . . . . . . . . . . . Used . | . . . . . . . . . . . . . . . . . . Hacking Detections 34 | . 4 1 . . . 7 8 . . . . 1 8 . . 4 1 Full Trace Events 5 | . 2 . . . . 1 . . . . . . . . . 2 . Feedback Events . | . . . . . . . . . . . . . . . . . . Feedback Blocked . | . . . . . . . . . . . . . . . . . . Robot Schematics Acquired 3 | . . . . . . . . . . 3 . . . . . . . Robots Built . | . . . . . . . . . . . . . . . . . . Authchips . | . . . . . . . . . . . . . . . . . . Time . | . . . . . . . . . . . . . . . . . . Total Robot Build Rating . | . . . . . . . . . . . . . . . . . . Part Schematics Acquired 9 | . . . . . . . . . . 9 . . . . . . . Parts Built . | . . . . . . . . . . . . . . . . . . Authchips . | . . . . . . . . . . . . . . . . . . Time . | . . . . . . . . . . . . . . . . . . Total Part Build Rating . | . . . . . . . . . . . . . . . . . . Parts Repaired . | . . . . . . . . . . . . . . . . . . Time . | . . . . . . . . . . . . . . . . . . Parts Recycled . | . . . . . . . . . . . . . . . . . . Recycled Matter . | . . . . . . . . . . . . . . . . . . Retrieved Matter . | . . . . . . . . . . . . . . . . . . Retrieved Components . | . . . . . . . . . . . . . . . . . . Parts Scanalyzed . | . . . . . . . . . . . . . . . . . . Part Schematics Acquired . | . . . . . . . . . . . . . . . . . . Parts Damaged . | . . . . . . . . . . . . . . . . . . Bothacking | -11 -10 -9 -9 -9 -8 -8 -7 -7 -7 -7 -6 -6 -6 -6 -6 -6 -5 ------------ Run | Scr Mat Mat Min Exi Min Mat Fac Low Low Dat Pro Fac Ext Cet Arc Hub Fac Used RIF Installer . | . . . . . . . . . . . . . . . . . . Robots Hacked . | . . . . . . . . . . . . . . . . . . Non-combat . | . . . . . . . . . . . . . . . . . . Combat . | . . . . . . . . . . . . . . . . . . Robot Hacks Applied . | . . . . . . . . . . . . . . . . . . Relay Couplers Released . | . . . . . . . . . . . . . . . . . . Fabnet Peak Effective % . | . . . . . . . . . . . . . . . . . . Robots Rewired 22 | . . . . . . . . . . . . 1 21 . . . . Allies Hacked . | . . . . . . . . . . . . . . . . . . Hacks Repelled . | . . . . . . . . . . . . . . . . . . Allies | -11 -10 -9 -9 -9 -8 -8 -7 -7 -7 -7 -6 -6 -6 -6 -6 -6 -5 -------- Run | Scr Mat Mat Min Exi Min Mat Fac Low Low Dat Pro Fac Ext Cet Arc Hub Fac Total Allies 29 | . . . 1 . . . 1 . . . 1 1 25 . . . . Largest Group 16 | . . . 1 . . . 1 . . . 1 1 16 . . . . Highest-Rated Group 591 | . . . 31 . . . 10 . . . 96 29 591 . . . . Highest-Rated Ally 159 | . . . 31 . . . 10 . . . 96 29 159 . . . . Total Orders 1 | . . . . . . . . . . . . . 1 . . . . GUARD 1 | . . . . . . . . . . . . . 1 . . . . Ally Attacks 192 | . . . 4 . . . . . . . 7 . 181 . . . . Total Damage 4203 | . . . 43 . . . . . . . 230 . 3930 . . . . Kills 31 | . . . 2 . . . . . . . . . 29 . . . . Allies Corrupted . | . . . . . . . . . . . . . . . . . . Allies Melted 1 | . . . . . . . . . . . 1 . . . . . . Intel | -11 -10 -9 -9 -9 -8 -8 -7 -7 -7 -7 -6 -6 -6 -6 -6 -6 -5 ------- Run | Scr Mat Mat Min Exi Min Mat Fac Low Low Dat Pro Fac Ext Cet Arc Hub Fac Robot Analysis Total 4 | . . . . . . . . . . . . 1 1 . . . 2 Derelict Logs Recovered 4 | . . . 1 . . . . 1 1 . 1 . . . . . . Drone Launches . | . . . . . . . . . . . . . . . . . . Drone Recoveries . | . . . . . . . . . . . . . . . . . . Exploration | -11 -10 -9 -9 -9 -8 -8 -7 -7 -7 -7 -6 -6 -6 -6 -6 -6 -5 ------------- Run | Scr Mat Mat Min Exi Min Mat Fac Low Low Dat Pro Fac Ext Cet Arc Hub Fac Turns Passed 8002 | 71 755 592 1183 496 42 1629 543 81 91 20 77 79 1127 31 354 126 705 Spaces Moved 6536 | 51 379 174 574 260 23 651 1115 270 328 83 265 202 1141 148 313 228 331 Core 93 | 5 . . . . . 2 . . . . . . . . . . 86 Treads 91 | . . . . . . 81 . . . . . . . . . . 10 Legs 1913 | 46 379 174 574 260 23 382 . . . . . . . . . . 75 Wheels 186 | . . . . . . 186 . . . . . . . . . . . Hover 660 | . . . . . . . . . . . . . . . 272 228 160 Flight 3593 | . . . . . . . 1115 270 328 83 265 202 1141 148 41 . . Fastest Speed 21 | 50 120 120 190 190 190 130 24 24 24 24 24 21 21 21 21 40 50 Average Speed 82 | 117 159 173 190 190 190 175 25 24 24 24 24 21 23 21 48 42 161 Slowest Speed 600 | 120 190 260 190 190 190 600 99 24 24 24 24 21 107 21 240 180 260 Overloaded Moves . | . . . . . . . . . . . . . . . . . . Propulsion Burnouts . | . . . . . . . . . . . . . . . . . . Robots Hopped 20 | . . . . . . . 11 . . . 1 1 4 3 . . . Cave-ins Triggered . | . . . . . . . . . . . . . . . . . . Exploration Rate (%) 45 | 3 71 20 98 61 11 56 31 45 55 69 35 7 82 62 88 22 9 Regions Visited 17 Branch Regions 11 Pre-discovered Areas 5 | . 1 . . 1 . 2 . . . 1 . . . . . . . Known Exits Taken 8 | . . 1 . . . . 1 . . . 1 1 1 1 1 1 . Unknown Exits Taken 9 | 1 1 . 1 1 1 1 . 1 1 1 . . . . . . . Scrap Searched 8 | . . . 2 . . . . 1 3 . 2 . . . . . . Spaces Dug 30 | . . . . . . . 24 . . . . 3 . . . 3 . Terrain Destroyed 103 | . . . . . . 44 24 . . . . 3 . . . 3 29 Melee 30 | . . . . . . . 24 . . . . 3 . . . 3 . Projectile 6 | . . . . . . . . . . . . . . . . . 6 AOE 67 | . . . . . . 44 . . . . . . . . . . 23 Terrain Rammed . | . . . . . . . . . . . . . . . . . . Walls Destroyed . | . . . . . . . . . . . . . . . . . . Machines Disabled . | . . . . . . . . . . . . . . . . . . Actions | -11 -10 -9 -9 -9 -8 -8 -7 -7 -7 -7 -6 -6 -6 -6 -6 -6 -5 --------- Run | Scr Mat Mat Min Exi Min Mat Fac Low Low Dat Pro Fac Ext Cet Arc Hub Fac Total 8442 | 59 461 345 625 263 22 938 1307 280 334 82 275 228 1939 144 439 248 453 Wait 842 | . 30 43 1 . . 109 92 6 1 . . 8 456 . 36 8 52 Move 6482 | 50 378 173 573 259 22 650 1094 269 327 82 262 199 1132 141 312 228 331 Hop 18 | . . . . . . . 9 . . . 1 1 4 3 . . . Pick Up 104 | 3 10 17 8 2 . 11 16 2 . . 3 4 13 . 9 1 5 Fast Attach 78 | 6 3 6 . . . 22 11 . 1 . 1 . 2 . 9 . 17 Attach 47 | . . 7 1 . . 5 14 . . . . 3 6 . 3 1 7 Detach 3 | . . . . . . 2 1 . . . . . . . . . . Swap 38 | . 2 11 5 . . 6 2 . . . . 2 1 . 8 . 1 Drop 110 | . . 22 12 2 . 17 27 . 1 . 4 2 12 . 5 1 5 Fire 283 | . 36 66 25 . . 108 4 . . . . . . . 10 . 34 Melee 179 | . . . . . . 8 37 3 4 . 4 8 58 . 47 9 1 Ram . | . . . . . . . . . . . . . . . . . . Kick 2 | . 2 . . . . . . . . . . . . . . . . Crush . | . . . . . . . . . . . . . . . . . . Escape Stasis 52 | . . . . . . . . . . . . . 52 . . . . Rewire 204 | . . . . . . . . . . . . 1 203 . . . . Trap . | . . . . . . . . . . . . . . . . . . Miscellaneous . | . . . . . . . . . . . . . . . . . . Route ------- -11/Scrapyard -10/Materials (discovered 2 exits: *Mat x2) -9/Materials (discovered 3 exits: *Min / Sto x2) -9/Mines (discovered 3 exits: *Mat x2 / *Exi) -9/Exiles -8/Mines -8/Materials -7/Factory (discovered 2 exits: *Low x2) -7/Lower Caves -7/Lower Caves (discovered 2 exits: *Fac / *Dat) -7/Data Miner -6/Proximity Caves -6/Factory (discovered 4 exits: Low x2 / *Ext x2) -6/Extension (discovered 2 exits: *Fac / *Cet) -6/Cetus (discovered 2 exits: *Fac / *Arc) -6/Archives (discovered 2 exits: *Hub x2) -6/Hub_04(d) -5/Factory (discovered 2 exits: Upp x2) History --------- Turn | Location | Event 2 | -11/Scrapyard | Met Revision 17 10 | -11/Scrapyard | Discovered new exit (range 15) 72 | -11/Scrapyard | Entered Materials 315 | -10/Materials | Build established: Mutant 622 | -10/Materials | Discovered new exit (range 4) 779 | -10/Materials | Discovered new exit (range 12) 827 | -10/Materials | Entered another Materials area 827 | -9/Materials | Evolved 2 slots: Propulsion x1, Utility x1 884 | -9/Materials | Identified exit to Mines 884 | -9/Materials | Identified exit to Storage 993 | -9/Materials | Lost 3 parts (1p2n) 1229 | -9/Materials | Core integrity fell below 50% 1272 | -9/Materials | Lost 3 parts (1p1n1u) 1419 | -9/Materials | Entered Mines 1423 | -9/Mines | Joined a pair of Derelicts in attacking an 0b10 outpost 1471 | -9/Mines | Build established: Scavenger-Mutant 1500 | -9/Mines | Discovered new exit (range 8) 1996 | -9/Mines | Received a Mining Laser from a helpful Derelict 2046 | -9/Mines | Discovered new exit (range 7) 2309 | -9/Mines | Learned Materials emergency access door positions 2594 | -9/Mines | Deemed a non-threat by the Exiles lab entrance 2594 | -9/Mines | Discovered new exit (range 5) 2602 | -9/Mines | Entered Exiles 2648 | -9/Exiles | Met 8R-AWN 2680 | -9/Exiles | Met EX-HEX 2756 | -9/Exiles | Met EX-DEC 2764 | -9/Exiles | Learned location of Zion (-6) 2794 | -9/Exiles | Met EX-BIN 2821 | -9/Exiles | Aligned with FarCom system 2823 | -9/Exiles | Given EX-Vault access code 2867 | -9/Exiles | Opened EX-Vault 2884 | -9/Exiles | Found Gui. Plasma Cannon 2923 | -9/Exiles | Warned to stay clear of 0b10 Research branches 3077 | -9/Exiles | Discovered new exit (range 14) 3098 | -9/Exiles | Left Exiles lab with Gui. Plasma Cannon 3098 | -9/Exiles | Entered Mines 3123 | -8/Mines | Discovered new exit (range 10) 3140 | -8/Mines | Entered Materials 3140 | -8/Materials | Evolved 2 slots: Propulsion x2 3509 | -8/Materials | Lost 6 parts (3n3w) 3514 | -8/Materials | Destroyed 12 combat bots 3575 | -8/Materials | Core integrity fell below 50% 3623 | -8/Materials | Lost 7 parts (1p3n1u2w) 4689 | -8/Materials | Core integrity fell below 20% 4745 | -8/Materials | Discovered new exit (range 16) 4747 | -8/Materials | Lost 5 parts (3n1u1w) 4769 | -8/Materials | Entered Factory 4769 | -7/Factory | Evolved 2 slots: Utility x2 4799 | -7/Factory | Identified exit to Lower Caves 5080 | -7/Factory | Build established: Scavenger-Scout 5264 | -7/Factory | Lost 3 parts (1n1u1w) 5312 | -7/Factory | Entered Lower Caves 5347 | -7/Lower Caves | Learned Factory security intel 5387 | -7/Lower Caves | Discovered new exit (range 15) 5393 | -7/Lower Caves | Entered another Lower Caves area 5393 | -7/Lower Caves | Discovered new exit (range 11) 5446 | -7/Lower Caves | Learned 4 Factory zone layouts 5481 | -7/Lower Caves | Discovered new exit (range 12) 5484 | -7/Lower Caves | Entered Data Miner 5484 | -7/Data Miner | Discovered new exit (range 6) 5489 | -7/Data Miner | Met Data Miner 5497 | -7/Data Miner | Learned location of Section 7 (-2) 5497 | -7/Data Miner | Acquired the access code to Warlord's prototype stash 5499 | -7/Data Miner | Received God Mode back door access code from Data Miner 5504 | -7/Data Miner | Entered Proximity Caves 5548 | -6/Proximity Caves | Build established: Hacker-Sprinter 5555 | -6/Proximity Caves | Identified exit to Factory 5567 | -6/Proximity Caves | Escorted by Enhanced Grunt 5581 | -6/Proximity Caves | Entered Factory 5581 | -6/Factory | Evolved 2 slots: Power x1, Propulsion x1 5590 | -6/Factory | Identified exit to Lower Caves 5590 | -6/Factory | Identified exit to Extension 5660 | -6/Factory | Entered Extension 5697 | -6/Extension | Rescued a captive Derelict 5974 | -6/Extension | Rescued a captive Derelict 5986 | -6/Extension | Rescued A7 6112 | -6/Extension | Spotted B-75 Beast 6407 | -6/Extension | Build established: Commander-Scout 6411 | -6/Extension | Spotted B-75 Beast 6417 | -6/Extension | Allies destroyed B-75 Beast 6422 | -6/Extension | Allies destroyed B-75 Beast 6493 | -6/Extension | Identified exit to Cetus 6505 | -6/Extension | Found Prototype Processor 6507 | -6/Extension | Identified Exp. Targeting Computer 6779 | -6/Extension | Discovered new exit (range 16) 6782 | -6/Extension | Identified exit to Factory 6785 | -6/Extension | Disrupted transfer network 6787 | -6/Extension | Entered Cetus 6791 | -6/Cetus | Spotted Cetus Guard 6791 | -6/Cetus | Spotted Cetus Guard 6791 | -6/Cetus | Spotted Cetus Guard 6791 | -6/Cetus | Spotted Cetus Guard 6795 | -6/Cetus | Discovered exit to Factory (range 16) 6815 | -6/Cetus | Discovered new exit (range 15) 6818 | -6/Cetus | Identified exit to Archives 6818 | -6/Cetus | Entered Archives 6916 | -6/Archives | Lost 5 parts (5n) 6929 | -6/Archives | Core integrity fell below 50% 6973 | -6/Archives | Lost 3 parts (1p1n1w) 7013 | -6/Archives | Discovered new exit (range 15) 7109 | -6/Archives | Discovered new exit (range 13) 7158 | -6/Archives | Identified exit to Hub_04(d) 7165 | -6/Archives | Unable to access archive contents 7172 | -6/Archives | Entered Hub_04(d) 7236 | -6/Hub_04(d) | Build established: Scavenger-Mutant 7252 | -6/Hub_04(d) | Incoming investigation squad redirected 7261 | -6/Hub_04(d) | Network Hub disabled 7283 | -6/Hub_04(d) | Discovered exit to Factory (range 3) 7298 | -6/Hub_04(d) | Entered Factory 7298 | -5/Factory | Evolved 2 slots: Utility x2 7327 | -5/Factory | Lost 6 parts (2p4n) 7720 | -5/Factory | Lost 9 parts (1p2n2u4w) 7761 | -5/Factory | Identified exit to Upper Caves 7918 | -5/Factory | Lost 8 parts (1p6n1w) 7950 | -5/Factory | Core integrity fell below 50% 7989 | -5/Factory | Core integrity fell below 20% 7996 | -5/Factory | Lost 7 parts (2p1n3u1w) 8003 | -5/Factory | Destroyed by P-70 Sage with Tesla Rifle Last Messages --------------- 07965_ Penetrated by Slug. 07966_ Acquired 37 matter. 07967_ Dropped Lyr. Heavy Armor Plating. 07967_ K-01 Serf collects debris. 07968_ Acquired Carbon-fiber Leg. 07968_ U-05 Engineer lays Concrete. 07968_ Penetrated by Slug. 07969_ U-05 Engineer lays Concrete. 07970_ System corrupted: Component data lost. 07970_ Acquired 65 matter. 07970_ K-01 Serf collects debris. 07971_ Acquired 53 matter. 07972_ Penetrated by Slug. 07972_ Slug penetrates Wall. 07972_ U-05 Engineer lays Concrete. 07972_ K-01 Serf collects debris. 07975_ Penetrated by Slug. 07978_ Acquired 14 matter. 07988_ Knocked back. 07999_ Penetrated by Slug. Map ----- +----------------------------------------------------+ | #???#####+#####? """" ! # #????????????? | | ###???# ? """" # #????????????? | | #????# #?# """" # #############? | | #???## ##? """" # + # | | ###### #?? """" # # """""?? | | %+ ### """" ! # # """"" ? | | ###### #?# # # """ # | | # ##?# ############+### # # | | #???## / # """"" # | | #?#?## ! + """"" ? | | #????#"" % # """ ??? | | #??###"" # ??? | | # #" p% # # | | # # # %% ######## # | | ## # # % ####?#?# # | | = # % ##################### | | # %#[ ###???????????? | | + # #####???#?????? | | # ; #?#?#?????????? | | # ; ####??????????? | | # # ##?#?#?#?#????? | | # # #?##??????????? | | "" [ # # #?#??##???????? | | ?? # # #?#?##????????? | | ???? # # ??##??#???????? | | ???? ?# @# ##??? ? ?????? | | ????? # H # ## ?""?"?????? | | ????? # # #? ?????? ????? | | ?????## ###+####? ???"??????? | | ? "" # ??? ???? ??? | | ? """ #???""???????? | | """ +?? ?? ??????? | | # ?"""???????? | | | % ^ # ? ? ?????? | | ? ##########+#############+##+# ???????"???? | | ?????# ?"??" ?# ## ? ?? # ?????? | | ??? ? ?"T????# """ ! ##? """ # ? ??? ?????? | | ?????+ ?????# """ ! ## ? """ ?#?##??#?????? | | ?? ? ????# """ ## ? ""? ?#??#?#??????? | | ??? #?? ? #w "" ## ?? #####????????? | | ???? #? ""?? ?# """ """## ????"???#??#?#?????? | | ?? ? # ?""" # """ R"## "?" #??#?????????? | | ?? ? ? ?"?"? # """ """## ????#?##?#???????? | | ???? # ? ??# ## ???????????????? | | ?? ?????#????#####+#####?#######?????????????? | | ??? ?????#??#??#?#?#?#???##?#????????????????? | | ?????#????#??????##??##????? ?????????????????? | | ???????????? ? ?? ? ? ? ???????????????????? | | ???????????? ???? ? ?? ???? ???????????????? | | ???? ??? ? ? ??? ???? ????"??????????????? | +----------------------------------------------------+ Best States ------------- Heat Dissipation 59 Energy Generation 31 Energy Capacity 350 Matter Stores 300 Matter Capacity 300 Sight Range 20 Terrain Scan Range 16 Terrain Scan Density 110 ECM Strength 1 Armor Coverage 225 Evasion (%) 65 Targeting Accuracy 5 Recoil Reduction 3 Offensive Hacking 24 Defensive Hacking 24 Item Schematics ----------------- Combat Drone Bay | -7/Data Miner | Free Lgt. Regenerative Plating | -7/Data Miner | Free Cld. Cesium-ion Thruster | -7/Data Miner | Free Exp. Power Shielding | -7/Data Miner | Free Gui. EMP Blaster | -7/Data Miner | Free Field Propulsion Drive | -7/Data Miner | Free Imp. Focal Shield | -7/Data Miner | Free Imp. Arc Projector | -7/Data Miner | Free Hpw. Shock Rifle | -7/Data Miner | Free Robot Schematics ------------------ M-28 Smith | -7/Data Miner | Free H-66 Slayer | -7/Data Miner | Free E-15 Imp | -7/Data Miner | Free Fabricated ------------ Nothing Alien Tech Used ----------------- None Achievements -------------- None Challenges ------------ None Game ------ Seed BackupFactoryReactor Manual? 0 Play Time 01:27:40 Cumulative 141.4 hours Start 2022.12.12 @ 19:46:59 End 2022.12.12 @ 21:15:28 Sessions 1 Manual Loads 0 Difficulty Rogue Special Mode None Game No. 239 Rogue 239 Adventurer 0 Explorer 0 Win Type - Total 2 Types 1/0/1/0/0/0/0/0/0 Lore% 66 Gallery% 74 Achievement% 53 Wizard Run 0 Options --------- ASCII 0 Keyboard 0 Movement Mouse Keybinds 0 Fullscreen 1 Font 18/SmallcapsGlow Map View 76x50 Tactical HUD 1 Map Filters NONE Filters NONE Steam 1 RUN: 14042b69-6aad-4a20-86a9-f2340988a638